AoeStats
← Fries

Nomad

510575701Analyzed
4v4 RM · 4h ago on Oct 1, 2026· 63m 10s· 8 players
Game mode
Random Map
Map size
231×231
Population
200
Speed
Normal
Resources
Standard
Victory
Conquest
Starting age
Dark Age
Ending age
Imperial Age
RankedLock teamsTeams togetherTeam positionsShared explorationLock speedFull tech treeHidden civsTurbo modeCheats
Victory
Defeat
🇲🇽 Varangians · Mexico
1577
+18
🇬🇧 Danes · United Kingdom
1567
+18
🇹🇼 Franks · Taiwan
1557
+18
🇧🇷 Vietnamese · Brazil
1519
+20
🇭🇺 Spanish · Hungary
1693
-22
🇭🇺 Tupi · Hungary
1651
-20
🇷🇴 Persians · Romania
1552
-16
🇭🇺 Koreans · Hungary
1548
-16
eloysuarez93
4:38 Loom
12:46 Feudal Age
17:40 Castle Age
18:02 Double-Bit Axe
18:00 Fishing Lines
18:43 Fletching
20:40 Bow Saw
21:28 Gold Mining
25:31 Horse Collar
26:28 Heavy Plow
27:17 Bodkin Arrow
28:33 Wheelbarrow
28:53 Gillnets
31:15 Wheelbarrow
30:26 Town Watch
31:09 Masonry
31:05 Stone Mining
32:02 Scale Barding Armor
32:08 Forging
37:26 Hand Cart
46:51 Imperial Age
44:23 Husbandry
45:13 Bloodlines
44:24 Light Cavalry
45:45 Chain Barding Armor
46:01 Iron Casting
47:41 Stone Shaft Mining
46:31 Vendel Legacy
47:12 Cavalier
48:33 Plate Barding Armor
48:23 Conscription
49:45 Blast Furnace
50:38 Two-Man Saw
50:09 Crop Rotation
51:23 Bracer
51:56 Architecture
52:23 Murder Holes
54:56 Siege Engineers
55:53 Chemistry
55:14 Ballistics
55:18 Hussar
58:03 Squires
58:06 Scale Mail Armor
59:11 Chain Mail Armor
58:43 Arson
59:26 Treadmill Crane
AJC
3:14 Loom
12:57 Feudal Age
13:55 Double-Bit Axe
19:12 Castle Age
17:29 Gold Mining
19:27 Horse Collar
20:17 Medium Warships
20:19 Forging
25:41 Iron Casting
25:56 Fishing Lines
26:38 Bow Saw
29:54 Clinker Construction
30:45 Heavy Plow
32:23 Wheelbarrow
32:44 Fletching
35:03 Gold Shaft Mining
35:14 Bodkin Arrow
35:31 Masonry
36:22 Ballistics
36:38 Hand Cart
37:39 Stone Mining
41:26 Imperial Age
40:13 Scale Mail Armor
41:38 Stone Shaft Mining
41:19 Squires
41:05 Arson
41:07 Gambesons
42:08 Chain Mail Armor
43:31 Blast Furnace
42:32 Bracer
41:56 Elite Varangian Guard
43:35 Plate Mail Armor
43:08 Pikeman
44:06 Padded Archer Armor
45:08 Chemistry
44:09 Hamask
45:10 Conscription
44:29 Elite Skirmisher
44:52 Halberdier
46:09 Leather Archer Armor
47:23 Ring Archer Armor
46:19 Imperial Skirmisher
50:14 Thumb Ring
52:00 Siege Engineers
59:33 Hoardings
58:55 Murder Holes
62:28 Elite Jomsviking
Fries
5:07 Loom
13:57 Feudal Age
18:16 Castle Age
16:24 Double-Bit Axe
17:06 Gold Mining
19:17 Scale Barding Armor
19:26 Bow Saw
21:01 Chain Barding Armor
27:51 Husbandry
28:04 Forging
29:15 Wheelbarrow
30:56 Iron Casting
30:53 Hand Cart
31:34 Gold Shaft Mining
35:08 Devotion
39:54 Imperial Age
40:02 Cavalier
41:20 Plate Barding Armor
41:09 Conscription
47:40 Light Cavalry
50:36 Blast Furnace
54:00 Town Watch
60:04 Paladin
逆·风
4:30 Loom
14:40 Feudal Age
15:41 Town Watch
15:42 Double-Bit Axe
15:38 Fishing Lines
16:54 Wheelbarrow
19:04 Castle Age
17:38 Stone Mining
17:40 Gold Mining
19:38 Gillnets
19:59 Bow Saw
19:30 Horse Collar
20:37 Hand Cart
20:46 Fletching
20:57 Padded Archer Armor
23:06 Bodkin Arrow
23:42 Leather Archer Armor
26:09 Heavy Plow
27:30 Ballistics
26:52 Treadmill Crane
27:22 Masonry
31:20 Imperial Age
31:32 Town Patrol
32:03 Masonry
33:20 Chemistry
32:40 Bracer
34:10 Ring Archer Armor
36:37 Two-Man Saw
36:49 Siege Engineers
37:38 Thumb Ring
37:43 Elite Skirmisher
38:30 Imperial Skirmisher
42:55 Stone Shaft Mining
44:47 Forging
46:02 Paper Money
48:11 Hoardings
47:39 Elite Rattan Archer
48:38 Chatras
48:10 Sappers
49:27 Scale Barding Armor
49:59 Iron Casting
51:48 Coinage
51:19 Caravan
52:36 Chain Barding Armor
57:22 Guilds
57:43 Banking
_John_
5:06 Loom
13:15 Feudal Age
14:00 Double-Bit Axe
21:58 Castle Age
27:43 Imperial Age
28:48 Town Watch
39:17 Bow Saw
38:48 Horse Collar
41:23 Padded Archer Armor
44:43 Wheelbarrow
45:10 Scale Barding Armor
45:19 Forging
45:42 Conscription
46:01 Bloodlines
46:21 Hand Cart
46:16 Husbandry
45:57 Cavalier
47:02 Chain Barding Armor
47:33 Iron Casting
48:34 Plate Barding Armor
47:26 Light Cavalry
53:40 Blast Furnace
54:10 Squires
53:33 Pikeman
54:14 Scale Mail Armor
58:22 Halberdier
59:55 Chain Mail Armor
Leto Apor
6:41 Loom
13:35 Feudal Age
14:06 Double-Bit Axe
14:40 Fishing Lines
16:49 Forging
19:00 Wheelbarrow
21:39 Castle Age
22:23 Medium Warships
22:32 Medium Warships
22:12 Gillnets
23:01 Hand Cart
23:52 Iron Casting
24:32 Bloodlines
24:38 Bow Saw
24:15 Town Watch
26:59 Scale Barding Armor
28:11 Husbandry
28:52 Horse Collar
37:24 Chain Barding Armor
42:33 Imperial Age
42:32 Heavy Camel Rider
45:26 Plate Barding Armor
46:13 Fletching
47:53 Bodkin Arrow
49:32 Blast Furnace
48:55 Heavy Plow
50:19 Cavalier
51:06 Gold Mining
52:51 Heavy Warships
54:19 Chemistry
59:00 Crop Rotation
61:15 Light Cavalry
MadeinIron
10:24 Loom
14:10 Feudal Age
17:46 Castle Age
16:59 Double-Bit Axe
16:57 Horse Collar
19:28 Bow Saw
24:03 Fletching
25:41 Wheelbarrow
32:05 Imperial Age
30:03 Gold Mining
30:14 Elite Skirmisher
30:50 Bodkin Arrow
32:20 Padded Archer Armor
33:48 Leather Archer Armor
33:57 Bracer
35:25 Ring Archer Armor
35:21 Ballistics
42:32 Chemistry
42:03 Murder Holes
42:11 Scale Mail Armor
43:34 Chain Mail Armor
45:56 Squires
45:16 Pikeman
45:19 Champi Runner
46:30 Plate Mail Armor
46:11 Forging
46:02 Town Watch
46:37 Hand Cart
46:22 Champi Warrior
47:49 Hand Cart
47:39 Elite Champi Warrior
51:18 Forging
50:58 Arson
55:57 Iron Casting
55:57 Conscription
56:44 Caciques
58:22 Heavy Plow
Xan666
9:20 Loom
12:27 Feudal Age
17:15 Castle Age
15:28 Double-Bit Axe
16:28 Horse Collar
18:20 Fletching
19:31 Bodkin Arrow
21:22 Horse Collar
29:24 Bow Saw
29:19 Town Watch
31:25 Gold Mining
32:13 Wheelbarrow
34:26 Hand Cart
35:54 Squires
35:14 Pikeman
39:35 Imperial Age
37:27 Ballistics
38:06 Eupseong
39:07 Husbandry
39:16 Thumb Ring
41:27 Chemistry
40:55 Conscription
42:03 Conscription
42:04 Bracer
43:09 Two-Man Saw
43:54 Masonry
43:19 Elite War Wagon
47:22 Arrowslits
49:02 Murder Holes
49:38 Architecture
50:21 Fortified Wall
50:17 Light Cavalry
51:25 Scale Barding Armor
51:31 Forging
54:47 Iron Casting
54:32 Chain Barding Armor
60:49 Siege Engineers
Connection lost

Rejoining the realm…

Still unreachable

The connection could not be restored.

Session expired

The server has moved on; the page needs a fresh start.